 Dungeon Sprint DCSS version 0.16.1-28-gcc2312f (webtiles) character file.

7214 Kidiri the Thaumaturge (level 10, -18/61 HPs)
             Began as a Deep Elf Wizard on May 28, 2015.
             Was the Champion of Sif Muna.
             Demolished by a boring beetle (26 damage)
             ... in the Dungeon (Sprint VII: "The Pits").
             The game lasted 00:51:41 (2844 turns).

Kidiri the Thaumaturge (Deep Elf Wizard)            Turns: 2844, Time: 00:51:41

Health: -18/61     AC: 14    Str:  4    XL:     10   Next: 87%
Magic:  21/34      EV: 17    Int: 27    God:    Sif Muna [******]
Gold:   10         SH:  0    Dex: 13    Spells: 12 memorised, 2 levels left

rFire  . . .     SeeInvis .     r - +1 quarterstaff (protect)
rCold  . . .     Clarity  .     a - +0 robe
rNeg   . . .     SustAb   .     (no shield)
rPois  .         Gourm    .     b - +0 hat
rElec  .         Spirit   .     j - +0 cloak
rCorr  .         Warding  .     (no gloves)
rMut   .         NoTele   +     (no boots)
MR     +....                    (no amulet)
Stlth  ++........               u - +3 ring of protection
                                t - +3 ring of protection

@: repel missiles, somewhat resistant to hostile enchantments, unstealthy
A: no striking features
a: Channel Energy, Forget Spell, Renounce Religion


You were in the Dungeon.
You worshipped Sif Muna.
Sif Muna was exalted by your worship.
You were not hungry.

You visited 1 branch You collected 10 gold pieces.

Inventory:

Hand weapons
 r - a +1 quarterstaff of protection (weapon)
 y - a +4 quarterstaff of speed
Armour
 a - a +0 robe (worn)
 b - a +0 hat (worn)
 j - a +0 cloak (worn)
Jewellery
 t - a +3 ring of protection (left hand)
 u - a +3 ring of protection (right hand)
Scrolls
 o - 3 scrolls of remove curse
 p - 5 scrolls of amnesia
 q - a scroll of summoning
 B - a scroll of blinking
Potions
 e - 4 potions of curing
 i - 3 potions of berserk rage
 v - a potion of resistance
 w - a potion of brilliance
 x - a potion of restore abilities
 z - a potion of agility
Books
 c - a book of Minor Magic

   Spells                             Type                      Level
   a - Magic Dart                     Conjuration                  1
   b - Blink                          Translocation                2
   c - Call Imp                       Summoning                    2
   d - Repel Missiles                 Charms/Air                   2
   e - Slow                           Hexes                        2
   f - Conjure Flame                  Conjuration/Fire             3
   g - Mephitic Cloud                 Conjuration/Poison/Air       3
 g - a book of Enchantments

   Spells                             Type                      Level
   a - Tukima's Dance                 Hexes                        3
   b - Cause Fear                     Hexes                        4
   c - Silence                        Hexes/Air                    5
   d - Deflect Missiles               Charms/Air                   6
   e - Haste                          Charms                       6
   f - Discord                        Hexes                        8
 h - Sif Muna's Guide on Orientation
   (Sif Muna gifted it to you in the Dungeon)

   Spells                             Type                      Level
   a - Shroud of Golubria             Charms/Translocation         2
   b - Gell's Gravitas                Hexes/Translocation          5
   c - Dispersal                      Translocation                6
   d - Malign Gateway                 Summoning/Translocation      7
 k - Sif Muna's Papyrus of Confrontation
   (Sif Muna gifted it to you in the Dungeon)

   Spells                             Type                      Level
   a - Poison Arrow                   Conjuration/Poison           6
   b - Spellforged Servitor           Conjuration/Summoning        7
   c - Orb of Destruction             Conjuration                  7
 s - Sif Muna's Disquisition on Enchantment
   (Sif Muna gifted it to you in the Dungeon)

   Spells                             Type                      Level
   a - Confusing Touch                Hexes                        2
   b - Silence                        Hexes/Air                    5
   c - Summon Mana Viper              Hexes/Summoning              5
   d - Discord                        Hexes                        8
 A - Gystaut's Collected Works on Destructive Intoxication
   (Sif Muna gifted it to you in the Dungeon)

   Spells                             Type                      Level
   a - Sting                          Conjuration/Poison           1
   b - Spider Form                    Transmutation/Poison         3
   c - Olgreb's Toxic Radiance        Poison                       4
   d - Venom Bolt                     Conjuration/Poison           5
   e - Poisonous Cloud                Conjuration/Poison/Air       6
Comestibles
 d - 8 bread rations
 l - 40 fruits
 m - 5 meat rations


   Skills:
 + Level 6.7 Fighting
 + Level 10.1 Dodging
 - Level 2.4 Stealth
 * Level 14.6 Spellcasting
 + Level 9.0 Conjurations
 + Level 9.7 Hexes
 + Level 10.4 Charms
 + Level 8.2 Summonings
 + Level 8.4 Translocations
 + Level 8.2 Fire Magic
 + Level 7.5 Air Magic
 + Level 8.2 Poison Magic


You had 2 spell levels left.
You knew the following spells:

 Your Spells              Type           Power        Failure   Level  Hunger
a - Magic Dart            Conj           ####         1%          1    None
b - Blink                 Tloc           N/A          1%          2    None
c - Call Imp              Summ           ######..     1%          2    None
d - Repel Missiles        Chrm/Air       ######       1%          2    None
e - Slow                  Hex            ######..     1%          2    None
f - Conjure Flame         Conj/Fire      ######..     1%          3    None
g - Mephitic Cloud        Conj/Pois/Air  ######..     1%          3    None
h - Confusing Touch       Hex            ######       1%          2    None
i - Summon Mana Viper     Hex/Summ       ######..     1%          5    #......
j - Silence               Hex/Air        ######....   2%          5    #......
k - Poisonous Cloud       Conj/Pois/Air  ######....   17%         6    ####...
l - Tukima's Dance        Hex            ######..     1%          3    None


Dungeon Overview and Level Annotations

Branches:
Dungeon (1/1)

Altars:
Ashenzari
Cheibriados
Dithmenos
Elyvilon
Fedhas
Kikubaaqudgha
Makhleb
Nemelex Xobeh
Okawaru
Ru
Sif Muna
Trog
Vehumet
Xom
Yredelemnul
Zin
The Shining One
Beogh
Jiyva
Lugonu


Message History

The guardian serpent casts a spell at you.
The bolt of poison misses you. The blink frog hits you!
The guardian serpent gestures with its tail.
The boring beetle blinks into view!
The wyvern blinks!
The blink frog blinks!
The blink frog blinks into view!
The boring beetle barely misses you.
Casting: Magic Dart
Confirm with . or Enter, or press ? or * to list all spells.
You blink.
The blink frog blinks!
The guardian serpent coils itself and performs some mystic snake dance.
The blink frog blinks!
The wyvern blinks!
The boring beetle blinks!
The blink frog hits you!
* * * LOW HITPOINT WARNING * * *
The wyvern misses you.
Unknown command.
Unknown command.
Drink which item? (? for menu, Esc to quit)
You feel much better. The blink frog hits you!! The wyvern bites you!
* * * LOW HITPOINT WARNING * * *
The boring beetle bites you!!
You die...

[[##.......##..##......))......#.
'###...<...##..####...#)######)..
..##.......##..#..#####.##...##'#
..##.......##..#....##...#...#...
####.......##.§')....#..(#...#WY.
..###########.§')....)(..'..)§BS.
.############..§S...)#...#..e#...
.#....#..[[##..#BD..##...#.§h#...
)#†...#..[[##..#@F#####.##...##'#
.))[..'..))##..####...#'######...
'#....#..))##..##..............#.
.#....#..))##..#..............###
###############################


You could see a boring beetle, a guardian serpent, a blink frog and a wyvern.

Vanquished Creatures
  A frost giant (D)
  An orc high priest (D)
  A sea snake (D)
  An unseen horror (D)
  A spiny frog (D)
  A fire drake (D)
  A kobold demonologist (D)
  A troll (D)
  5 blink frogs (D)
  A shadow (D)
  A basilisk (D)
  A vampire mosquito (D)
  A mottled dragon (D)
  A warg (D)
  A wolf (D)
  An orc warrior (D)
  An ice beast (D)
  2 big kobolds (D)
  A crocodile (D)
  2 orc priests (D)
  2 hounds (D)
  An iron imp (D)
  2 orc wizards (D)
  A white imp (D)
  2 giant mites (D)
  A shadow imp (D)
  A worm (D)
  A giant eyeball (D)
  4 ufetubi (D)
  An ooze (D)
  10 orcs (D)
  2 ball pythons (D)
  3 bat skeletons (D)
  2 hobgoblins (D)
  5 kobolds (D)
  A giant newt (D)
  A rat (D)
66 creatures vanquished.

Vanquished Creatures (collateral kills)
  Harold (D)
  Maurice (D)
  A blue devil (D)
  A ynoxinul (D)
  2 vampire mosquitoes (D)
  An orc warrior (D)
  A giant frog (D)
  An iron imp (D)
  2 orc wizards (D)
  5 ufetubi (D)
  3 jackals (D)
19 creatures vanquished.

Vanquished Creatures (others)
  5 crimson imps (D)
  2 iron imps (D)
  3 white imps (D)
  An ufetubus (D)
11 creatures vanquished.

Grand Total: 96 creatures vanquished

Notes
Turn   | Place    | Note
--------------------------------------------------------------
     0 | D        | Kidiri, the Deep Elf Wizard, began the quest for the Orb.
     0 | D        | Reached XP level 1. HP: 10/10 MP: 6/6
    15 | D        | Reached skill level 5 in Spellcasting
    29 | D        | Found a sacrificial altar of Ru.
    29 | D        | Found a basalt altar of Yredelemnul.
    29 | D        | Found a shadowy altar of Dithmenos.
    29 | D        | Found a deep blue altar of Sif Muna.
    29 | D        | Found a burning altar of Makhleb.
    29 | D        | Found a shimmering altar of Xom.
    29 | D        | Found an ancient bone altar of Kikubaaqudgha.
    29 | D        | Found a sparkling altar of Nemelex Xobeh.
    30 | D        | Found a glowing golden altar of the Shining One.
    30 | D        | Found a bloodstained altar of Trog.
    30 | D        | Found a shattered altar of Ashenzari.
    30 | D        | Found a white marble altar of Elyvilon.
    30 | D        | Found a snail-covered altar of Cheibriados.
    30 | D        | Found a blossoming altar of Fedhas.
    30 | D        | Found a radiant altar of Vehumet.
    30 | D        | Found a glowing silver altar of Zin.
    30 | D        | Found a corrupted altar of Lugonu.
    30 | D        | Found a viscous altar of Jiyva.
    30 | D        | Found a roughly hewn altar of Beogh.
    30 | D        | Found an iron altar of Okawaru.
    33 | D        | Became a worshipper of Sif Muna the Loreminder
   185 | D        | Reached skill level 1 in Fighting
   188 | D        | Paralysed by a giant eyeball for 3 turns
   193 | D        | Reached XP level 2. HP: 14/16 MP: 1/11
   197 | D        | Learned a level 2 spell: Blink
   200 | D        | Learned a level 2 spell: Call Imp
   203 | D        | Learned a level 2 spell: Repel Missiles
   206 | D        | Learned a level 2 spell: Slow
   315 | D        | Noticed a hound
   335 | D        | Killed a hound
   335 | D        | Reached skill level 6 in Spellcasting
   335 | D        | Reached XP level 3. HP: 13/21 MP: 6/16
   340 | D        | Learned a level 3 spell: Conjure Flame
   344 | D        | Learned a level 3 spell: Mephitic Cloud
   450 | D        | Reached skill level 7 in Spellcasting
   546 | D        | Noticed a wolf
   548 | D        | Noticed an orc priest
   555 | D        | Noticed an orc wizard
   566 | D        | Killed an orc priest
   566 | D        | Acquired Sif Muna's first power
   566 | D        | Reached skill level 1 in Hexes
   587 | D        | Killed an orc wizard
   587 | D        | Reached skill level 1 in Charms
   587 | D        | Reached skill level 1 in Air Magic
   587 | D        | Reached skill level 1 in Poison Magic
   587 | D        | Reached XP level 4. HP: 15/27 MP: 7/20
   606 | D        | Killed a wolf
   606 | D        | Acquired Sif Muna's second power
   606 | D        | Reached skill level 5 in Dodging
   606 | D        | Reached skill level 8 in Spellcasting
   606 | D        | Reached XP level 5. HP: 19/32 MP: 3/23
   819 | D        | Noticed an orc warrior
   819 | D        | Noticed a big kobold
   819 | D        | Noticed an iron imp
   848 | D        | Killed an iron imp
   878 | D        | Killed a big kobold
   878 | D        | Reached skill level 9 in Spellcasting
   878 | D        | Reached XP level 6. HP: 34/37 MP: 4/25
   909 | D        | Killed an orc warrior
   909 | D        | Acquired Sif Muna's third power
   909 | D        | Reached skill level 5 in Conjurations
   961 | D        | Noticed a hound
   970 | D        | Killed a hound
  1010 | D        | Noticed Maurice
  1023 | D        | Killed Maurice
  1023 | D        | Reached skill level 10 in Spellcasting
  1023 | D        | Reached skill level 5 in Hexes
  1023 | D        | Reached skill level 5 in Charms
  1023 | D        | Reached XP level 7. HP: 34/42 MP: 14/28
  1096 | D        | Noticed an iron imp
  1096 | D        | Noticed a warg
  1117 | D        | Killed a warg
  1141 | D        | Killed an iron imp
  1234 | D        | Noticed an orc warrior
  1234 | D        | Noticed an orc priest
  1234 | D        | Noticed a fire drake
  1239 | D        | Killed a fire drake
  1239 | D        | Received a gift from Sif Muna
  1239 | D        | Reached skill level 5 in Summonings
  1239 | D        | Reached skill level 5 in Translocations
  1242 | D        | Killed an orc warrior
  1247 | D        | Killed an orc priest
  1253 | D        | Identified Sif Muna's Disquisition on Enchantment (Sif Muna gifted it to you in the Dungeon)
  1257 | D        | Learned a level 2 spell: Confusing Touch
  1263 | D        | Learned a level 5 spell: Summon Mana Viper
  1269 | D        | Learned a level 5 spell: Silence
  1513 | D        | Noticed a basilisk
  1547 | D        | Killed an unseen horror
  1547 | D        | Reached skill level 11 in Spellcasting
  1547 | D        | Reached skill level 5 in Fire Magic
  1547 | D        | Reached skill level 5 in Air Magic
  1547 | D        | Reached skill level 5 in Poison Magic
  1547 | D        | Reached XP level 8. HP: 42/48 MP: 2/30
  1549 | D        | Killed a basilisk
  1549 | D        | Received a gift from Sif Muna
  1550 | D        | Identified Sif Muna's Papyrus of Confrontation (Sif Muna gifted it to you in the Dungeon)
  1682 | D        | Noticed a sea snake
  1685 | D        | Noticed a spiny frog
  1686 | D        | Noticed a giant frog
  1687 | D        | Killed a spiny frog
  1687 | D        | Reached skill level 5 in Fighting
  1687 | D        | Reached skill level 12 in Spellcasting
  1688 | D        | Noticed Harold
  1689 | D        | Noticed an orc wizard
  1696 | D        | Killed a sea snake
  1696 | D        | Reached XP level 9. HP: 45/54 MP: 22/32
  1704 | D        | Noticed an orc wizard
  1706 | D        | Killed an orc wizard
  1711 | D        | Noticed an orc wizard
  1716 | D        | Killed Harold
  1716 | D        | Received a gift from Sif Muna
  1719 | D        | Killed a giant frog
  1720 | D        | Killed an orc wizard
  1721 | D        | Killed an orc wizard
  1723 | D        | Identified Gystaut's Collected Works on Destructive Intoxication (Sif Muna gifted it to you in the Dungeon)
  1731 | D        | Learned a level 6 spell: Poisonous Cloud
  1797 | D        | Noticed a vampire mosquito
  1809 | D        | Noticed a crocodile
  1811 | D        | Killed a vampire mosquito
  1811 | D        | Reached skill level 13 in Spellcasting
  1814 | D        | Noticed a vampire mosquito
  1814 | D        | Killed a crocodile
  1817 | D        | Noticed a vampire mosquito
  1819 | D        | Noticed an ice beast
  1834 | D        | Killed a vampire mosquito
  1840 | D        | Killed a vampire mosquito
  1842 | D        | Killed an ice beast
  2005 | D        | Noticed a blink frog
  2006 | D        | Noticed a big kobold
  2006 | D        | Noticed a mottled dragon
  2010 | D        | Noticed a blink frog
  2012 | D        | Noticed a blink frog
  2019 | D        | Killed a mottled dragon
  2024 | D        | Noticed a blink frog
  2026 | D        | Noticed a blink frog
  2029 | D        | Noticed a kobold demonologist
  2033 | D        | Killed a big kobold
  2040 | D        | Killed a blink frog
  2040 | D        | Received a gift from Sif Muna
  2040 | D        | Killed a kobold demonologist
  2040 | D        | Reached XP level 10. HP: 44/60 MP: 2/33
  2042 | D        | Killed a blink frog
  2046 | D        | Killed a blink frog
  2048 | D        | Identified Sif Muna's Guide on Orientation (Sif Muna gifted it to you in the Dungeon)
  2048 | D        | Killed a blink frog
  2053 | D        | Killed a blink frog
  2107 | D        | Noticed a troll
  2110 | D        | Noticed an orc high priest
  2112 | D        | Noticed a shadow
  2155 | D        | Killed a troll
  2357 | D        | Noticed a rust devil
  2357 | D        | Killed an orc high priest
  2357 | D        | Received a gift from Sif Muna
  2357 | D        | Reached skill level 14 in Spellcasting
  2363 | D        | Learned a level 3 spell: Tukima's Dance
  2375 | D        | Noticed a blue devil
  2375 | D        | Noticed a frost giant
  2376 | D        | Noticed a ynoxinul
  2394 | D        | HP: 2/61 [frost giant/bolt of cold (39)]
  2435 | D        | Killed a frost giant
  2435 | D        | Reached skill level 10 in Dodging
  2435 | D        | Reached skill level 10 in Charms
  2483 | D        | Killed a blue devil
  2502 | D        | Killed a ynoxinul
  2722 | D        | Killed a shadow
  2817 | D        | Noticed a death yak
  2819 | D        | Noticed a yak
  2819 | D        | Noticed a flayed ghost
  2820 | D        | Noticed a brain worm
  2820 | D        | Noticed a deep elf priest
  2821 | D        | Noticed a yak
  2821 | D        | Noticed a guardian serpent
  2821 | D        | Noticed a hound
  2821 | D        | Noticed a wyvern
  2822 | D        | Noticed a bog body
  2822 | D        | Noticed a yak
  2822 | D        | Noticed a boring beetle
  2822 | D        | Noticed a blink frog
  2823 | D        | Noticed an iguana
  2824 | D        | Noticed a blink frog
  2844 | D        | Demolished by a boring beetle

Action                   |  1- 3 |  4- 6 |  7- 9 | 10-12 || total
-------------------------+-------+-------+-------+-------++-------
Melee: Quarterstaff      |       |       |    11 |    19 ||    30
       Unarmed           |       |       |     5 |       ||     5
 Cast: Magic Dart        |    36 |    24 |    84 |    46 ||   190
       Call Imp          |     3 |     8 |    12 |     4 ||    27
       Slow              |     1 |     2 |       |       ||     3
       Mephitic Cloud    |     2 |     7 |    14 |     5 ||    28
       Conjure Flame     |       |     5 |    17 |    13 ||    35
       Blink             |       |     2 |       |     6 ||     8
       Repel Missiles    |       |       |     1 |       ||     1
       Summon Mana Viper |       |       |     2 |     2 ||     4
       Confusing Touch   |       |       |     2 |       ||     2
       Poisonous Cloud   |       |       |     1 |     3 ||     4
       Silence           |       |       |       |     1 ||     1
  Use: Potion            |       |     2 |     6 |    13 ||    21
       Scroll            |       |     1 |       |       ||     1
 Stab: Confused          |       |       |     1 |       ||     1
  Eat: Meat ration       |       |       |     1 |     1 ||     2
